 Dungeon Crawl Stone Soup version 0.22.1 (webtiles) character file.

77280 troglodite the Blocker (level 15, -13/178 HPs)
             Began as a Demonspawn Berserker on Sept 17, 2018.
             Was the Champion of Trog.
             Killed from afar by Roxanne (67 damage)
             ... with an iron shot
             ... on level 2 of the Shoals.
             The game lasted 01:20:00 (24360 turns).

troglodite the Blocker (Demonspawn Berserker)      Turns: 24360, Time: 01:20:00

Health: -13/178    AC: 34    Str: 22    XL:     15   Next: 14%
Magic:  15/15      EV: 14    Int: 18    God:    Trog [******]
Gold:   1236       SH: 27    Dex: 23    Spells: 14/14 levels left

rFire    + + .     SeeInvis .   b - +8 mace "Qaugeug" {protect, rF+ Int-4 Dex+2}
rCold    . . .     Gourm    .   V - +7 large shield "Yvon Rewou" {+Fly rF+}
rNeg     + . .     Faith    +   k - +7 chain mail of Submission {MR++ Dex+3 Slay+2}
rPois    .         Spirit   .   A - +2 hat {Int+3}
rElec    .         Reflect  .   M - +2 cloak
rCorr    .         Harm     .   O - +1 pair of gloves of Integrity {Int+4}
MR       +++..                  (no boots)
Stlth    ..........             s - amulet of faith
HPRegen  0.39/turn              T - +5 ring of intelligence
MPRegen  0.14/turn              a - ring of positive energy

@: berserking, protection aura, very quick
A: talons 2, powered by death 2, powered by pain 2, sturdy frame 2
a: Berserk, Trog's Hand, Brothers in Arms, Renounce Religion, Evoke Flight


You were on level 2 of the Shoals.
You worshipped Trog.
Trog was exalted by your worship.
You were not hungry.

You visited 4 branches of the dungeon, and saw 23 of its levels.
You also visited: Ossuary and Volcano.

You collected 2700 gold pieces.
You spent 1464 gold pieces at shops.

Inventory:

Hand Weapons
 b - the +8 mace "Qaugeug" (weapon) {protect, rF+ Int-4 Dex+2}
   (You bought it in a shop on level 5 of the Dungeon)

   It protects the one who uses it against injury (+AC on strike).
   It affects your intelligence (-4).
   It affects your dexterity (+2).
   It protects you from fire.
 H - a +4 scimitar of flaming
 N - a +1 double sword of slicing
Armour
 k - the +7 chain mail of Submission (worn) {MR++ Dex+3 Slay+2}
   (You found it on level 10 of the Dungeon)

   It affects your dexterity (+3).
   It affects your accuracy and damage with ranged weapons and melee attacks
   (+2).
   It affects your resistance to hostile enchantments.
 A - a +2 hat of intelligence (worn)
 I - a scarf of spirit shield
 M - a +2 cloak (worn)
 O - the +1 pair of gloves of Integrity (worn) {Int+4}
   (You bought it in a shop on level 2 of the Orcish Mines)

   It affects your intelligence (+4).
 Q - a scarf of repulsion
 V - the +7 large shield "Yvon Rewou" (worn) {+Fly rF+}
   (You took it off Louise on level 1 of the Shoals)

   It protects you from fire.
   It lets you fly.
Jewellery
 a - a ring of positive energy (right hand)
 s - an amulet of faith (around neck)
 z - an uncursed ring of see invisible
 C - an uncursed ring of resist corrosion
 J - an uncursed ring of fire
 T - a +5 ring of intelligence (left hand)
Wands
 w - a wand of polymorph (68)
 y - a wand of flame (28)
 G - a wand of iceblast (8)
 S - a wand of scattershot (7)
 W - a wand of acid (6)
Scrolls
 l - a scroll of magic mapping
 p - a scroll of enchant armour
 q - 9 scrolls of remove curse
 t - 4 scrolls of fog
 v - 7 scrolls of identify
 x - 4 scrolls of enchant weapon
 B - a scroll of blinking
 D - 7 scrolls of teleportation
 L - a scroll of brand weapon
 P - 2 scrolls of fear {unknown}
 R - a scroll of holy word {unknown}
 U - a scroll of acquirement {unknown}
Potions
 e - 8 potions of heal wounds
 f - 3 potions of mutation
 g - 2 potions of magic
 h - 8 potions of lignification
 i - 8 potions of haste
 j - 2 potions of cancellation
 m - 3 potions of berserk rage
 n - a potion of ambrosia
 o - 3 potions of brilliance
 r - 4 potions of curing
 u - 10 potions of might
 F - 2 potions of flight
 K - 3 potions of resistance
 X - 2 potions of invisibility
Comestibles
 c - 18 rations


   Skills:
 * Level 11.5 Fighting
 + Level 5.1 Long Blades
 + Level 11.0 Maces & Flails
 * Level 11.5 Armour
 * Level 9.5 Dodging
 + Level 2.1 Stealth
 * Level 13.0 Shields


You had 14 spell levels left.
You didn't know any spells.
Your spell library was empty.

Dungeon Overview and Level Annotations

Branches:
Dungeon (12/15)            Temple (0/1) D:4            Lair (6/6) D:8
 Shoals (3/4) Lair:2       Spider (0/4) Lair:4        Slime (0/5) Lair:6
    Orc (2/2) D:9             Elf (0/3) Orc:2

Altars:
Ashenzari
Cheibriados
Kikubaaqudgha
Makhleb
Nemelex Xobeh
Qazlal
Ru
Uskayaw
Wu Jian
Zin
Beogh

Shops:
D:5 (   Orc:1 *   Orc:2 *([:

Annotations:
Shoals:2 exclusion: Roxanne, Roxanne


Innate Abilities, Weirdness & Mutations

You have razor-sharp toenails.
You regenerate health from kills.
You sometimes gain power by taking damage.
Your movements are less encumbered by armour. (ER -4)


Message History

You feel yourself moving faster!
You feel mighty!
You feel a lot more hungry.
Roxanne mumbles some strange words.
The orb of energy hits you!
* * * LOW HITPOINT WARNING * * *
The orb of energy explodes!
You hit Roxanne but do no damage.
Your weapon exudes an aura of protection.
You claw Roxanne, but do no damage.
Roxanne is almost destroyed.
You hit Roxanne. You claw Roxanne, but do no damage.
Roxanne is almost destroyed.
Roxanne mumbles some strange words.
The orb of energy hits you!
The orb of energy explodes!
You sock Roxanne! You claw Roxanne!
Roxanne is almost destroyed.
You sock Roxanne! You claw Roxanne.
Roxanne is almost destroyed.
Roxanne casts a spell.
The iron shot hits you!
You die...

≈≈≈≈≈≈≈≈≈≈≈≈≈..###.≈≈≈≈≈≈≈≈≈≈
≈≈≈≈≈≈≈≈≈≈≈≈≈....÷.≈≈≈≈≈≈≈≈≈≈
≈≈≈≈≈≈≈≈≈≈≈≈≈≈.....≈≈≈≈≈≈≈≈≈≈
≈≈≈≈≈≈≈≈≈≈≈≈≈.....≈≈≈≈≈≈≈≈≈≈≈
≈≈≈≈≈≈≈≈≈≈≈≈.....≈≈≈≈≈≈≈≈≈≈≈≈
≈≈≈≈≈≈≈≈≈≈≈.....≈≈≈≈≈≈≈≈≈≈≈≈≈
≈≈≈≈≈≈≈≈≈........≈≈≈≈≈≈≈≈≈≈≈≈
≈≈≈≈≈≈≈≈≈........≈≈≈≈≈≈..≈≈≈≈
≈≈≈≈≈≈≈≈...8@....≈≈≈≈..#.≈≈≈≈
≈≈≈≈≈≈≈≈.........≈≈≈≈..##.≈≈≈
≈≈≈≈≈≈≈≈.........≈≈≈≈......≈≈
≈≈≈≈≈≈≈≈≈..................≈≈
≈≈≈≈≈≈≈≈≈......^...≈.####....
≈≈≈≈≈≈≈≈≈≈............# ....
≈≈≈≈≈≈≈≈≈≈............# ....
≈≈≈≈≈≈≈≈≈.........≈...# ..).
≈≈≈≈≈≈≈≈≈.≈≈≈≈≈≈≈≈≈..###....


You could see Roxanne.

Vanquished Creatures
  Gastronok (Lair:1)
  Kirke (Shoals:2)
  2 orc warlords
  Snorg (Lair:4)
  An ettin (Orc:2)
  Josephine (Lair:4)
  Erolcha (D:11)
  2 catoblepae (Lair:5)
  A merfolk avatar (Shoals:2)
  5 hydras
  4 two-headed ogres
  Erica (D:9)
  A sun demon (Volcano)
  2 orc high priests (Orc:2)
  A hell knight (Volcano)
  3 sea snakes
  An unseen horror (D:10)
  4 harpies
  2 orc knights (Orc:2)
  5 ugly things
  3 orc sorcerers (Orc:2)
  5 fauns
  5 elephants
  5 manticores
  3 black mambas
  A centaur zombie (D:11)
  7 merfolk sirens
  Joseph (D:7)
  A gargoyle (D:10)
  3 spiny frogs
  9 komodo dragons
  5 rime drakes
  8 wind drakes
  3 trolls
  Prince Ribbit (Lair:3)
  A harpy skeleton (D:11)
  4 polar bears (Lair:6)
  10 blink frogs
  3 hornets (Lair:6)
  A snapping turtle (Shoals:1)
  10 hippogriffs
  9 merfolk
  5 dream sheep (Lair:5)
  A redback (Lair:4)
  2 shadows (D:11)
  6 wraiths
  5 wyverns
  A basilisk (Lair:3)
  12 yaks
  Grum (D:8)
  Eustachio (D:4)
  4 hogs (Shoals:2)
  A hungry ghost (D:9)
  2 steam dragons
  3 wargs (Orc:2)
  2 hell hounds (Volcano)
  4 porcupines
  20 water moccasins
  Duvessa (D:4)
  2 ice beasts (D:9)
  17 orc warriors
  A black bear (D:6)
  A necrophage (D:11)
  6 ogres
  2 phantoms
  14 wolves
  6 centaurs
  15 crocodiles
  2 big kobolds
  15 bullfrogs
  Dowan (D:4)
  A water moccasin zombie (D:8)
  2 wyvern zombies
  5 scorpions
  8 killer bees (D:9)
  2 howler monkeys
  An electric eel (Lair:1)
  3 crimson imps
  2 quasits
  3 hounds
  12 orc priests
  14 jellies
  9 orc wizards
  2 centaur skeletons
  3 iguanas
  4 worker ants
  A killer bee zombie (D:10)
  2 hound zombies (D:6)
  A hound skeleton (D:9)
  3 mummies (Ossuary)
  A worker ant zombie (D:9)
  3 gnolls (D:3)
  11 adders
  2 river rats (D:6)
  3 shadow imps
  3 oozes
  2 adder skeletons
  8 worms
  3 dart slugs
  5 leopard geckos
  57 orcs
  2 ball pythons
  8 bats
  7 giant cockroaches
  6 hobgoblins
  21 jackals
  2 quokkas
  5 frilled lizards
  9 goblins
  7 goblin zombies (Ossuary)
  A hobgoblin zombie (Ossuary)
  19 kobolds
  4 kobold zombies (Ossuary)
  A leopard gecko zombie (D:8)
  A quokka zombie (D:6)
  7 rats
  3 fungi
570 creatures vanquished.

Vanquished Creatures (collateral kills)
  Rupert (Lair:3)
  An orc warlord (Orc:1)
  Louise (Shoals:1)
  A merfolk impaler (Shoals:1)
  A merfolk avatar (Lair:6)
  Nergalle (Lair:3)
  3 orc knights
  2 orc sorcerers (Orc:1)
  A manticore (Shoals:1)
  Maurice (Orc:1)
  A spiny frog (Lair:3)
  3 trolls
  A yak (Lair:3)
  A basilisk (Lair:3)
  4 wargs
  13 orc warriors
  An ogre (Orc:1)
  4 wolves (Lair:3)
  An orc priest (Orc:1)
  3 orc wizards (Orc:1)
  9 orcs (Orc:1)
54 creatures vanquished.

Vanquished Creatures (others)
  A human (Shoals:2)
  An adder (D:10)
  An orc (Orc:1)
  6 fungi
  9 plants
18 creatures vanquished.

Grand Total: 642 creatures vanquished

Notes
Turn   | Place    | Note
-------+----------+-------------------------------------------
     0 | D:1      | troglodite the Demonspawn Berserker began the quest for the
                  | Orb.
     0 | D:1      | Reached XP level 1. HP: 18/18 MP: 1/1
   187 | D:1      | Gained mutation: You have sharp toenails. [demonic
                  | ancestry]
   187 | D:1      | Reached XP level 2. HP: 12/24 MP: 2/2
   917 | D:1      | Reached ** piety under Trog
   958 | D:1      | Reached XP level 3. HP: 28/30 MP: 3/3
  1292 | D:2      | Found a sparkling altar of Nemelex Xobeh.
  1748 | D:2      | Reached XP level 4. HP: 36/37 MP: 4/4
  2688 | D:3      | Reached *** piety under Trog
  2795 | D:3      | Found an ornate altar of the Wu Jian Council.
  2832 | D:3      | Reached XP level 5. HP: 42/42 MP: 5/5
  2990 | D:3      | Noticed a centaur
  3003 | D:3      | Killed a centaur
  3267 | D:3      | Gained mutation: You regenerate a little health from kills.
                  | [demonic ancestry]
  3267 | D:3      | Reached XP level 6. HP: 32/49 MP: 6/6
  3639 | D:4      | Found a staircase to the Ecumenical Temple.
  3657 | D:4      | Found a shattered altar of Ashenzari.
  4134 | D:4      | Noticed Eustachio
  4153 | D:4      | Killed Eustachio
  4153 | D:4      | Gained mutation: You sometimes gain a little power by
                  | taking damage. [demonic ancestry]
  4153 | D:4      | Reached XP level 7. HP: 43/55 MP: 7/7
  4349 | D:4      | Found a sacrificial altar of Ru.
  4585 | D:4      | Noticed Duvessa
  4585 | D:4      | Noticed Dowan
  4612 | D:4      | Killed Duvessa
  4612 | D:4      | Reached skill level 5 in Fighting
  4617 | D:4      | Killed Dowan
  4998 | D:5      | Entered Level 5 of the Dungeon
  5297 | D:5      | Found Opaaloi's Antique Weapon Boutique.
  5328 | D:5      | Bought a crystal mace for 152 gold pieces
  5328 | D:5      | Identified the +8 mace "Qaugeug" {protect, rF+ Int-4 Dex+2}
                  | (You bought it in a shop on level 5 of the Dungeon)
  5429 | D:5      | Reached skill level 5 in Long Blades
  5687 | D:5      | Reached **** piety under Trog
  5725 | D:5      | Reached skill level 5 in Armour
  5725 | D:5      | Gained mutation: Your movements are slightly less
                  | encumbered by armour. (ER -2) [demonic ancestry]
  5725 | D:5      | Reached XP level 8. HP: 64/64 MP: 8/8
  6108 | D:6      | Reached skill level 1 in Maces & Flails
  6119 | D:6      | Found a sand-covered staircase.
  6129 | Ossuary  | Entered an ossuary
  6512 | Ossuary  | Received a gift from Trog
  6975 | D:6      | Found an ancient bone altar of Kikubaaqudgha.
  7082 | D:6      | Reached ***** piety under Trog
  7540 | D:7      | Found a stormy altar of Qazlal.
  7777 | D:7      | Reached XP level 9. HP: 71/71 MP: 9/9
  8017 | D:7      | Found a snail-covered altar of Cheibriados.
  8072 | D:7      | Noticed Joseph
  8084 | D:7      | Killed Joseph
  8492 | D:8      | Reached skill level 1 in Shields
  8496 | D:8      | Received a gift from Trog
  8618 | D:8      | Found a staircase to the Lair.
  8634 | D:8      | Noticed a two-headed ogre
  8647 | D:8      | Killed a two-headed ogre
  8647 | D:8      | Reached skill level 2 in Shields
  8718 | D:8      | Noticed Grum
  8731 | D:8      | Killed Grum
  8733 | D:8      | Reached skill level 5 in Maces & Flails
  8733 | D:8      | Reached skill level 5 in Dodging
  8932 | D:8      | Reached XP level 10. HP: 73/79 MP: 10/10
  8938 | D:8      | Reached skill level 3 in Shields
  9053 | D:8      | Found a hide-covered altar of Uskayaw.
  9423 | D:9      | Noticed Erica
  9430 | D:9      | Killed Erica
  9714 | D:9      | Reached skill level 4 in Shields
  9988 | D:9      | Found a glowing silver altar of Zin.
  9988 | D:9      | Found a burning altar of Makhleb.
  9989 | D:9      | Noticed a cacodemon
  9989 | D:9      | Noticed an angel
 10066 | D:9      | Found a staircase to the Orcish Mines.
 10069 | D:9      | Found a roughly hewn altar of Beogh.
 10415 | D:10     | Entered Level 10 of the Dungeon
 10476 | D:10     | Received a gift from Trog
 10525 | D:10     | Noticed a two-headed ogre
 10536 | D:10     | Killed a two-headed ogre
 10536 | D:10     | Reached skill level 5 in Shields
 10787 | D:10     | Killed an unseen horror
 11231 | D:10     | Got an obsidian-encrusted chain mail
 11242 | D:10     | Identified the +7 chain mail of Submission {MR++ Dex+3
                  | Slay+2} (You found it on level 10 of the Dungeon)
 11402 | D:10     | Noticed a gargoyle
 11408 | D:10     | Killed a gargoyle
 11408 | D:10     | Gained mutation: Your movements are less encumbered by
                  | armour. (ER -4) [demonic ancestry]
 11408 | D:10     | Reached XP level 11. HP: 87/87 MP: 11/11
 11697 | D:10     | Noticed a two-headed ogre
 11704 | D:10     | Killed a two-headed ogre
 11704 | D:10     | Reached skill level 1 in Stealth
 12064 | D:11     | Noticed Erolcha
 12079 | D:11     | Killed Erolcha
 12079 | D:11     | Reached skill level 6 in Shields
 12169 | D:11     | Noticed a brown ugly thing
 12187 | D:11     | Killed a brown ugly thing
 12560 | D:11     | Noticed a two-headed ogre
 12572 | D:11     | Killed a two-headed ogre
 12754 | D:11     | Noticed a seven-headed hydra
 12762 | D:11     | Killed a seven-headed hydra
 12851 | D:11     | Noticed a purple ugly thing
 12862 | D:11     | Killed a purple ugly thing
 12862 | D:11     | Reached skill level 7 in Shields
 13320 | Orc:1    | Entered Level 1 of the Orcish Mines
 13412 | Orc:1    | Noticed an orc warlord
 13416 | Orc:1    | Noticed an orc sorcerer
 13417 | Orc:1    | Noticed an orc sorcerer
 13420 | Orc:1    | Killed an orc warlord
 13422 | Orc:1    | Killed an orc sorcerer
 13429 | Orc:1    | Killed an orc sorcerer
 13429 | Orc:1    | Received a gift from Trog
 13556 | Orc:2    | Entered Level 2 of the Orcish Mines
 13559 | Orc:2    | Found Gosevix's Antique Armour Emporium.
 13561 | Orc:2    | Noticed an orc sorcerer
 13562 | Orc:2    | Noticed an orc sorcerer
 13566 | Orc:2    | Gained mutation: You regenerate health from kills. [demonic
                  | ancestry]
 13566 | Orc:2    | Reached XP level 12. HP: 95/95 MP: 12/12
 13570 | Orc:2    | Noticed an orc warlord
 13591 | Orc:2    | Noticed an orc high priest
 13592 | Orc:2    | Killed an orc warlord
 13592 | Orc:2    | Reached skill level 8 in Shields
 13670 | Orc:2    | Killed an orc high priest
 13684 | Orc:2    | HP: 2/96 [orc knight/uncursed battleaxe (15)]
 13760 | Orc:2    | Found Ryhawiast's General Store.
 13809 | Orc:2    | Bought a pair of brightly glowing gloves for 332 gold
                  | pieces
 13819 | Orc:2    | Identified the +1 pair of gloves of Integrity {Int+4} (You
                  | bought it in a shop on level 2 of the Orcish Mines)
 13862 | Orc:2    | Noticed an orc high priest
 13863 | Orc:2    | Found Qenu's Antique Weapon Shop.
 13881 | Orc:2    | Killed an orc high priest
 13882 | Orc:2    | Found Hadgha Xuiz's Book Shop.
 13906 | Orc:2    | Found a staircase to the Elven Halls.
 14133 | Orc:2    | Noticed an ettin
 14145 | Orc:2    | Killed an ettin
 14391 | Orc:1    | Received a gift from Trog
 14505 | Orc:1    | Noticed Maurice
 14513 | Orc:1    | Killed Maurice
 14513 | Orc:1    | Reached skill level 9 in Shields
 14513 | Orc:1    | Noticed an orc warlord
 14521 | Orc:1    | Reached skill level 10 in Armour
 14780 | Orc:1    | Killed an orc warlord
 14892 | Orc:1    | Found Ededanun's Assorted Antiques.
 14935 | Orc:2    | Bought a twisted plate armour for 980 gold pieces
 14945 | Orc:2    | Identified the +4 plate armour of Too Many Cooks {Int+7}
                  | (You bought it in a shop on level 2 of the Orcish Mines)
 15029 | Lair:1   | Entered Level 1 of the Lair of Beasts
 15033 | Lair:1   | Reached skill level 10 in Fighting
 15095 | Lair:1   | Noticed a four-headed hydra
 15098 | Lair:1   | Reached XP level 13. HP: 103/103 MP: 13/13
 15205 | Lair:1   | Reached ****** piety under Trog
 15248 | Lair:1   | Noticed Gastronok
 15262 | Lair:1   | Killed Gastronok
 15365 | Lair:1   | Received a gift from Trog
 16082 | Lair:2   | Reached skill level 10 in Shields
 16260 | Lair:2   | Found a staircase to the Shoals.
 16923 | Lair:3   | Noticed Prince Ribbit
 16931 | Lair:3   | Noticed Rupert
 16979 | Lair:3   | Noticed Nergalle
 16987 | Lair:3   | Killed Nergalle
 17033 | Lair:3   | Killed Prince Ribbit
 17347 | Lair:3   | Killed Rupert
 17409 | Lair:3   | Received a gift from Trog
 18008 | Lair:4   | Found a hole to the Spider Nest.
 18117 | Lair:4   | Noticed Josephine
 18128 | Lair:4   | Killed Josephine
 18144 | Lair:4   | Reached skill level 11 in Shields
 18225 | Lair:4   | Noticed Snorg
 18236 | Lair:4   | Killed Snorg
 18245 | Lair:4   | Reached skill level 10 in Maces & Flails
 18911 | Lair:5   | Found a dark tunnel.
 18918 | Volcano  | Entered a volcano
 18968 | Volcano  | Gained mutation: You have razor-sharp toenails. [demonic
                  | ancestry]
 18968 | Volcano  | Reached XP level 14. HP: 81/111 MP: 14/14
 19967 | Lair:6   | Entered Level 6 of the Lair of Beasts
 20007 | Lair:6   | Received a gift from Trog
 20524 | Lair:6   | Found a burning altar of Makhleb.
 20547 | Lair:6   | Reached skill level 12 in Shields
 21210 | Lair:6   | Got a shimmering hand crossbow
 21244 | Lair:6   | Identified the cursed +1 hand crossbow "Giupruth" {freeze,
                  | rElec} (You found it on level 6 of the Lair of Beasts)
 21262 | Lair:6   | Found a staircase to the Slime Pits.
 21282 | Lair:6   | Received a gift from Trog
 21555 | Shoals:1 | Entered Level 1 of the Shoals
 22390 | Shoals:1 | Noticed Louise
 22408 | Shoals:1 | Killed Louise
 22421 | Shoals:1 | Got a brightly glowing large shield
 22465 | Shoals:1 | Identified the +7 large shield "Yvon Rewou" {+Fly rF+} (You
                  | took it off Louise on level 1 of the Shoals)
 23244 | Shoals:2 | Gained mutation: You sometimes gain power by taking damage.
                  | [demonic ancestry]
 23244 | Shoals:2 | Reached XP level 15. HP: 33/119 MP: 15/15
 23875 | Shoals:2 | Noticed Kirke
 23901 | Shoals:2 | Killed Kirke
 23901 | Shoals:2 | Reached skill level 13 in Shields
 23953 | Shoals:3 | Found a burning altar of Makhleb.
 23982 | Shoals:2 | Noticed Roxanne
 24360 | Shoals:2 | Killed from afar by Roxanne

Skill      XL: |  1  2  3  4  5  6  7  8  9 10 11 12 13 14 15 |
---------------+----------------------------------------------+-----
Dodging        | 2 3 4 5 6 7 8 9 |  9.5
Armour         | 2 3 5 6 7 8 9 10 11 | 11.5
Long Blades    | 3 4 5 |  5.1
Fighting       | 4 5 6 7 8 9 10 11 | 11.5
Maces & Flails | 3 5 6 7 9 10 11 | 11.0
Shields        | 2 5 7 9 11 12 13 | 13.0
Stealth        | 1 2 |  2.1

Action                   |  1- 3 |  4- 6 |  7- 9 | 10-12 | 13-15 || total
-------------------------+-------+-------+-------+-------+-------++-------
Melee: Falchion          |   114 |   188 |    57 |       |       ||   359
       Kick              |    18 |    61 |   106 |   237 |   530 ||   952
       Mace              |       |       |   251 |   540 |  1112 ||  1903
Invok: Berserk           |     1 |     3 |     9 |    15 |    16 ||    44
       Brothers in Arms  |       |       |       |     5 |     4 ||     9
  Use: Scroll            |       |       |    14 |     9 |    11 ||    34
       Potion            |       |       |       |     1 |     3 ||     4
 Stab: Distracted        |       |       |       |     2 |       ||     2
  Eat: Chunk             |     4 |     7 |    13 |    35 |    36 ||    95
       Ration            |       |     1 |     3 |     2 |     4 ||    10
Armor: Animal skin       |    12 |       |       |       |       ||    12
       Chain mail        |    46 |   106 |   197 |   282 |   456 ||  1087
       Plate armour      |       |       |       |    58 |       ||    58
Dodge: Dodged            |    61 |    99 |   131 |   192 |   382 ||   865
Block: Large shield      |       |       |    93 |   525 |  1151 ||  1769
       Rpst.: Falchion   |    23 |    28 |    11 |       |       ||    62
